Map: 시뮬레이크럼 - 래더

Players

Lambo

  • Race: Zerg Zerg
  • Spawn Location: 11:00

Cure - Winner!

  • Race: Terran Terran
  • Spawn Location: 5:00

Event: IEM Katowice 2020

VOD

Have the link to the VOD?

Description

Time

  • Played on: Feb. 28, 2020, 10:48 a.m.
  • Length: 8:27

All games in this series

Show
View Real Time Build Order
Export as new Build Order

Lambo Zerg 

Build Orders: Hatch First, Muta Ling Bane 

Get SALT Encoding   

  12  0:00  Drone  
  13  0:13  Overlord  
  13  0:17  Drone  
  14  0:32  Drone x2  
  16  0:48  Hatchery  
  15  0:51  Drone  
  15  0:56  Drone  
  17  0:59  Drone  
  18  1:12  Extractor  
  18  1:13  Spawning Pool  
  18  1:18  Drone  
  17  1:21  Drone  
  18  1:29  Drone  
  19  1:40  Drone  
  20  1:54  Overlord  
  20  2:00  Queen x2  
  20  2:01  Zergling x4  
  26  2:10  Drone  
  26  2:12  Drone  
  28  2:15  Metabolic Boost  
  28  2:21  Drone  
  29  2:24  Drone  
  29  2:26  Spore Crawler  
  29  2:34  Drone x2  
  32  2:47  Hatchery  
  32  2:49  Drone x2  
  33  2:53  Pneumatized Carapace  
  33  2:58  Overlord  
  33  3:01  Drone  
  33  3:05  Drone  
  35  3:12  Drone  
  36  3:17  Drone x2, Queen  
  40  3:21  Drone  
  40  3:22  Drone  
  40  3:25  Drone  
  40  3:26  Drone  
  44  3:45  Queen  
  41  3:57  Drone x3  
  41  4:00  Drone x5  
  48  4:04  Queen  
  49  4:10  Zergling x2  
  49  4:16  Drone x3  
  49  4:20  Drone  
  49  4:21  Overlord  
  50  4:26  Lair  
  50  4:28  Overlord  
  50  4:34  Extractor  
  50  4:37  Overlord  
  49  4:41  Drone  
  49  4:44  Extractor, Overlord  
  49  4:45  Extractor, Drone  
  50  4:46  Queen, Overlord  
  50  4:47  Drone x3  
  50  4:51  Spore Crawler  
  50  4:52  Spore Crawler  
  52  4:53  Spore Crawler  
  52  4:55  Drone  
  52  5:02  Drone x4  
  52  5:06  Drone  
  54  5:09  Drone  
  54  5:11  Drone  
  52  5:15  Zergling x4  
  52  5:18  Drone  
  51  5:23  Drone x3  
  51  5:26  Overseer  
  51  5:28  Extractor  
  53  5:29  Drone  
  53  5:30  Drone  
  55  5:42  Spire  
  55  5:45  Baneling Nest  
  55  5:47  Drone x2  
  55  5:48  Drone  
  56  5:52  Zergling x2  
  56  5:53  Drone  
  56  5:55  Drone  
  56  5:57  Drone  
  60  6:00  Drone  
  61  6:04  Drone x3  
  64  6:15  Drone x3  
  64  6:17  Zergling x8  
  71  6:20  Drone x2  
  71  6:24  Overlord  
  70  6:38  Centrifical Hooks  
  70  6:42  Baneling  
  70  6:44  Zergling x16  
  78  6:53  Overlord  
  78  6:54  Mutalisk x4  
  78  6:57  Mutalisk  
  78  7:00  Baneling x3  
  88  7:02  Baneling x2  
  88  7:03  Zergling x2  
  88  7:06  Zergling x2, Baneling x3  
  90  7:10  Overlord  
  90  7:12  Baneling x2  
  90  7:13  Overlord  
  90  7:18  Overlord  
  90  7:20  Zergling x2, Overlord  
  91  7:23  Zergling x2  
  91  7:24  Zergling x2  
  91  7:26  Zergling x4  
  86  7:30  Zergling x2  
  86  7:31  Zergling x6  
  85  7:37  Zergling x10  
  85  7:44  Zergling x4  
  91  7:52  Baneling x8  
  91  7:53  Zergling x10  
  91  7:56  Zergling x6  
  99  8:03  Zergling x8  
  103  8:06  Zergling x4  
Show
View Real Time Build Order
Export as new Build Order

Cure Terran - Winner!

Build Orders: Reaper Expand, Hellion Banshee 

Get SALT Encoding   

  12  0:00  SCV  
  13  0:12  SCV  
  14  0:17  Supply Depot  
  14  0:25  SCV  
  15  0:38  SCV  
  15  0:39  Barracks  
  16  0:43  Refinery  
  16  0:50  SCV  
  17  1:02  SCV  
  18  1:14  SCV  
  19  1:26  Orbital Command, Reaper  
  20  1:40  Command Center  
  20  1:47  Supply Depot  
  20  1:52  SCV  
  21  1:58  Marine  
  22  2:04  SCV  
  23  2:10  Factory  
  23  2:16  SCV  
  23  2:18  Refinery  
  23  2:20  Barracks Reactor  
  24  2:28  SCV  
  25  2:40  SCV  
  26  2:53  SCV, Orbital Command  
  26  2:55  Starport  
  27  3:01  Hellion x2  
  27  3:05  SCV  
  32  3:09  Barracks Tech Lab  
  32  3:17  SCV  
  33  3:20  SCV  
  33  3:22  Supply Depot  
  33  3:24  Hellion x2  
  38  3:29  SCV  
  38  3:32  SCV  
  40  3:37  Cloaking Field  
  40  3:38  Banshee  
  40  3:39  Marine  
  44  3:46  SCV x2  
  46  3:50  Hellion x2  
  49  4:00  SCV  
  49  4:01  SCV  
  49  4:03  Barracks Tech Lab  
  49  4:07  Supply Depot  
  47  4:17  Hellion x2  
  47  4:18  SCV x2  
  51  4:24  Command Center  
  51  4:25  Banshee  
  51  4:30  SCV x2  
  54  4:42  SCV x2, Supply Depot  
  54  4:45  Marine, Stimpack  
  57  4:51  Factory Reactor  
  57  4:54  SCV x2  
  57  4:59  Barracks  
  59  5:03  Barracks  
  59  5:05  Marine  
  59  5:06  SCV x2  
  62  5:10  Engineering Bay  
  62  5:11  Engineering Bay  
  62  5:18  SCV x2  
  64  5:23  Starport Reactor, Refinery  
  64  5:24  Refinery  
  64  5:25  Supply Depot  
  64  5:27  Marine  
  65  5:30  SCV x2  
  67  5:37  Orbital Command  
  67  5:39  Siege Tank  
  70  5:43  SCV x2  
  70  5:49  Marine x3  
  75  5:52  Terran Infantry Weapons Level 1  
  75  5:55  SCV x2, Barracks x2  
  75  5:56  Terran Infantry Armor Level 1  
  77  6:03  Marine x2  
  77  6:04  Medivac  
  81  6:07  SCV x2, Medivac  
  81  6:11  Orbital Command  
  85  6:13  Siege Tank  
  88  6:19  SCV x2, Marine  
  88  6:20  Marine x2  
  88  6:25  Combat Shield  
  93  6:26  Supply Depot  
  93  6:29  Supply Depot  
  93  6:36  Marine x2, SCV x2, Medivac  
  93  6:37  SCV  
  100  6:43  Marine  
  100  6:44  Barracks Reactor x2  
  101  6:47  Supply Depot  
  101  6:48  Marine, SCV x2, Supply Depot  
  101  6:50  Marine  
  101  6:52  SCV  
  106  6:55  Armory  
  106  6:58  Barracks x2  
  106  7:00  SCV x2  
  108  7:03  Barracks  
  108  7:05  Supply Depot  
  108  7:07  Marine x4  
  112  7:08  Marine  
  112  7:11  SCV  
  112  7:12  SCV  
  115  7:20  Marine x4  
  116  7:25  Marine x3  
  96  7:33  Marine x2  
  96  7:38  Marine x4, Refinery  
  96  7:39  Missile Turret x2  
  96  7:41  Missile Turret  
  96  7:43  Marine x2  
  102  7:45  Barracks Reactor x2  
  102  7:47  Siege Tank  
  103  7:52  Barracks Reactor  
  103  7:54  Marine x3  
  103  7:56  Marine x3  
  109  8:02  Marine x2  

Tags
 
Add a new tag
Caveats
  • Supply blocks, unpowered buildings, or Contaminate may cause inaccurate times.
  • Supply counts are checked every 10 seconds.